 Dungeon Crawl Stone Soup version 0.28.0-1-gb440e238dd (webtiles) character file.

Game seed: 181030854283244051

4 Vallaxes the Ruffian (level 1, 0/16 HPs)
             Began as a Draconian Transmuter on Feb 23, 2022.
             Succumbed to an adder's poison
             ... on level 2 of the Dungeon.
             The game lasted 00:04:43 (242 turns).

Vallaxes the Ruffian (Draconian Transmuter)          Turns: 242, Time: 00:04:44

Health: 0/16       AC:  4    Str: 12    XL:     1   Next: 58%
Magic:  3/3        EV: 12    Int: 13    God:
Gold:   0          SH:  0    Dex: 11    Spells: 3/4 levels left

rFire   . . .      SeeInvis .     - Unarmed
rCold   . . .      Faith    .   (no shield)
rNeg    . . .      Spirit   .   (armour unavailable)
rPois   .          Reflect  .   (helmet restricted)
rElec   .          Harm     .   (no cloak)
rCorr   .          Rampage  .   (no gloves)
Will    .....                   (no boots)
Stlth   +.........              (no amulet)
HPRegen 0.05/turn               (no ring)
MPRegen 0.08/turn               (no ring)

@: lethally poisoned (0 -> -2)
A: AC +4, unfitting armour, cold-blooded
a: no special abilities


You were on level 2 of the Dungeon.
You visited 1 branch of the dungeon, and saw 2 of its levels.

Inventory:

Hand Weapons
 a - a +0 quarterstaff
Wands
 b - a wand of iceblast (8)
Potions
 c - a potion of cancellation {unknown}
 d - a potion of lignification {unknown}


   Skills:
 + Level 1.1 Fighting
 + Level 2.0 Dodging
 + Level 3.1 Unarmed Combat
 + Level 2.0 Spellcasting
 + Level 2.0 Transmutations


You had 3 spell levels left.
You knew the following spells:

 Your Spells              Type           Power      Damage    Failure   Level
a - Beastly Appendage     Tmut           12%        N/A       11%         1

Your spell library contained the following spells:

 Spells                   Type           Power      Damage    Failure   Level
 Wereblood                Tmut           6%         N/A       17%         2
 Spider Form              Tmut/Pois      3%         N/A       45%         3
 Ice Form                 Ice/Tmut       3%         N/A       86%         4


Dungeon Overview and Level Annotations

Branches:
Dungeon (2/15)

Altars:

Annotations:
D:2 Ijyb


Innate Abilities, Weirdness & Mutations

Your plain brown scales are hard. (AC +4)
You cannot fit into any form of body armour.
You are cold-blooded and may be slowed by cold attacks.


Message History

The goblin hits you but does no damage.
You closely miss the goblin.
The goblin is severely wounded.
You hit the goblin.
You kill the goblin!
A goblin comes into view. It is wielding a +0 club. x2
You see here a +0 dagger.
Items here: ( )) †.
You closely miss the goblin.
The goblin shouts! x3
The goblin hits you with a +0 club.
You hit the goblin.
You kill the goblin!
Ijyb the Twisted Goblin comes into view.
She is wielding a +0 dagger and carrying a wand of paralysis (6).
The goblin barely misses you.
Your Dodging skill increases to level 2!
Ijyb shouts!
You hit the goblin.
The goblin is heavily wounded.
The goblin hits you with a +0 club. The goblin barely misses you.
You barely miss the goblin.
The goblin is heavily wounded.
The goblin completely misses you. The goblin hits you with a +0 club.
You see here a +0 dagger.
You hit the plant.
The plant begins to die.
The plant is lightly damaged.
The goblin barely misses you. The goblin hits you with a +0 club.
An adder comes into view.
The adder hisses angrily.
A nearby plant withers and dies.
The adder misses you. The adder bites you.
* * * LOW HITPOINT WARNING * * *
You are lethally poisoned!
The adder poisons you!
* * * LOW HITPOINT WARNING * * *
You feel sick.
* * * LOW HITPOINT WARNING * * *
You feel sick.
You die...

...g.#... PP#### # ...
....8#.P♣♣♣.P..# . #..###
#.# .....#..P♣P....#.#
#.... ...
....8#...♣♣P.#.#.# #...
... .....#.....#.#...#.#
#..# #.#
.....))...g.....##.# #..#
#.#
....).....###.####.####..#
#.# ###.......#
#g###........# #<#
#.......# #.S.@........#
#.# #..#...##
#####.....#.#######.#
#..##### #.#.#...........#
###..#.##
#.#.....#########
......#.## #.##.####
####.###.## #.##.## #.##
##.# ##♣)♣#..# ##.###.##
#♣.....♣.# #.#.##
#........#


You could see an adder and a goblin.

Vanquished Creatures
  3 goblins (D:2)
  A quokka (D:2)
4 creatures vanquished.

Vanquished Creatures (others)
  A plant (D:2)
1 creature vanquished.

Grand Total: 5 creatures vanquished

Notes
Turn   | Place    | Note
-------+----------+-------------------------------------------
     0 | D:1      | Vallaxes the Draconian Transmuter began the quest for the
                  | Orb.
     0 | D:1      | Reached XP level 1. HP: 16/16 MP: 3/3
   227 | D:2      | Noticed Ijyb
   242 | D:2      | Succumbed to an adder's poison

Illustrated notes

Levels and vault maps discovered:
D:1:      dpeg_arrival_water_fire, layout_basic,
          dreamdust_ecumenical_altar_drowned_temple
D:2:      kennysheep_the_goblin_king, layout_loops_ring, serial_forest,
          infiniplex_forest_lined_ring, infiniplex_forest_lined_room_2,
          infiniplex_forest_end_1, infiniplex_forest_clump_small,
          infiniplex_forest_lined_corner

Skill      XL: |  1 |
---------------+----+-----
Dodging        | 2 |  2.0
Fighting       | |  1.1
Unarmed Combat | |  3.1
Spellcasting   | |  2.0
Transmutations | |  2.0

Action                   || total
-------------------------++-------
Melee: Unarmed           ||    12
       Tailslap          ||     1
Armor: Skin              ||     3
Dodge: Dodged            ||    10
